 Dungeon Crawl Stone Soup version 0.23.0-3-gf3c87f2 (webtiles) character file.

Game seed: 787396989119768538

31 Semilg the Firebug (level 3, -5/19 HPs)
             Began as a Gargoyle Fire Elementalist on Feb 24, 2019.
             Slain by a worm (7 damage)
             ... on level 2 of the Dungeon.
             The game lasted 00:13:31 (1566 turns).

Semilg the Firebug (Gargoyle Fire Elementalist)     Turns: 1566, Time: 00:13:32

Health: -5/19      AC:  6    Str: 11    XL:     3   Next: 22%
Magic:  6/6        EV: 11    Int: 16    God:
Gold:   64         SH:  0    Dex: 10    Spells: 3/6 levels left

rFire    . . .     SeeInvis .   f - +0 mace
rCold    . . .     Gourm    +   (no shield)
rNeg     + . .     Faith    .   m - +0 leather armour
rPois    ∞         Spirit   .   (no helmet)
rElec    +         Reflect  .   (no cloak)
rCorr    .         Harm     .   (no gloves)
MR       .....                  (no boots)
Stlth    ++........             e - amulet of the gourmand
HPRegen  0.06/turn              (no ring)
MPRegen  0.10/turn              (no ring)

@: about to teleport
A: negative energy resistance 1, electricity resistance, unbreathing,
petrification resistance, rot immunity, AC +3
a: no special abilities


You were on level 2 of the Dungeon.
You were completely stuffed.

You visited 1 branch of the dungeon, and saw 2 of its levels.

You collected 64 gold pieces.

Inventory:

Hand Weapons
 f - a +0 mace (weapon)
Missiles
 b - 46 stones (quivered)
 h - 22 sling bullets
 o - 27 bolts
Armour
 a - a +0 robe
 m - a +0 leather armour (worn)
 n - a +0 robe
Jewellery
 e - an amulet of the gourmand (around neck)
Scrolls
 d - a scroll of blinking
 j - a scroll of random uselessness {unknown}
 l - a scroll of immolation {unknown}
 p - a scroll of enchant armour {unknown}
Potions
 g - a potion of cancellation {unknown}
 i - a potion of ambrosia {unknown}
Comestibles
 c - 2 rations
 q - a chunk of flesh


   Skills:
 * Level 0.4 Maces & Flails
 + Level 0.3 Throwing
 + Level 0.1 Armour
 + Level 1.6 Dodging
 + Level 2.1 Stealth
 - Level 0.1 Unarmed Combat
 * Level 2.3 Spellcasting
 + Level 1.1 Conjurations
 * Level 3.6 Fire Magic


You had 3 spell levels left.
You knew the following spells:

 Your Spells              Type           Power        Failure   Level  Hunger
a - Flame Tongue          Conj/Fire      #....        10%         1    #......
b - Throw Flame           Conj/Fire      #.....       16%         2    ###....

Your spell library contained the following spells:

 Spells                   Type           Power        Failure   Level  Hunger
 Conjure Flame            Conj/Fire      #.......     30%         3    ###....
 Inner Flame              Hex/Fire       #.......     36%         3    ###....
 Sticky Flame             Conj/Fire      #.......     69%         4    #####..
 Fireball                 Conj/Fire      #.........   95%         5    ######.


Dungeon Overview and Level Annotations

Branches:
Dungeon (2/15)

Altars:
Gozag

Annotations:
D:2 Robin


Innate Abilities, Weirdness & Mutations

You are resistant to torment.
Your stone body is resilient. (AC +3)
You are immune to poison.
You resist negative energy. (rN+)
You are resistant to electric shocks. (rElec)
You can survive without breathing.
You are immune to petrification.
You are immune to rotting.


Message History

The goblins go into a battle-frenzy!
The goblin hits you with a +0 club.
* * * LOW HITPOINT WARNING * * *
The goblin shouts!
You hear a shout!
As you read the scroll of teleportation, it crumbles to dust.
You feel strangely unstable. The goblin completely misses you.
The hobgoblin closely misses you. The goblin hits you but does no damage.
The goblin barely misses you. The goblin hits you with a +0 dagger.
* * * LOW HITPOINT WARNING * * *
Robin throws the goblin at you! The goblin barely misses you.
You are too injured to fight recklessly!
The goblin closely misses you. The hobgoblin closely misses you.
The goblin misses you. The goblin closely misses you.
The goblin hits you but does no damage. Robin hits you but does no damage.
The goblin hits you but does no damage. The goblin barely misses you.
The hobgoblin hits you.
* * * LOW HITPOINT WARNING * * *
The goblin closely misses you. The goblin hits you but does no damage.
The goblin completely misses you. The worm bites you!
You die...

.....#..<..#.#
.....####..#.#
.....####..#.####+#####
####.......#.#........#
#######g#.#(.......#
........÷g.......#####
########)........#..8#
#..g.ggg....._#
##...w@g..#..8#
#...ggg..#####
##..(......#
#...#+##### #...#
####### #...# .......
..... ####### ###.#
#####...


You could see a worm, Robin, 3 hobgoblins and 6 goblins.

Vanquished Creatures
  A dart slug (D:1)
  A giant cockroach (D:1)
  4 goblins
  3 hobgoblins (D:2)
  2 jackals (D:2)
  6 kobolds
  2 bats
  7 frilled lizards (D:2)
  3 rats
29 creatures vanquished.

Notes
Turn   | Place    | Note
-------+----------+-------------------------------------------
     0 | D:1      | Semilg the Gargoyle Fire Elementalist began the quest for
                  | the Orb.
     0 | D:1      | Reached XP level 1. HP: 10/10 MP: 3/3
   278 | D:1      | Reached XP level 2. HP: 14/15 MP: 0/5
   349 | D:1      | Learned a level 2 spell: Throw Flame
  1313 | D:2      | Reached XP level 3. HP: 19/19 MP: 3/6
  1362 | D:2      | Noticed Robin
  1516 | D:2      | Found an opulent altar of Gozag.
  1566 | D:2      | Slain by a worm

Action                   || total
-------------------------++-------
Melee: Unarmed           ||    13
       Mace              ||    39
Throw: Stone             ||    13
       Javelin           ||    20
 Cast: Flame Tongue      ||     8
       Throw Flame       ||    15
  Use: Scroll            ||     4
  Eat: Chunk             ||    14
Armor: Robe              ||     5
       Leather armour    ||    41
Dodge: Dodged            ||    76
